 Dungeon Crawl Stone Soup version 0.30-a0-1160-g6e42c06551 (webtiles) character file.

Game seed: 14320854190932853816

147 hwolsky the Covered (level 5, -5/47 HPs)
             Began as a Minotaur Fighter on Apr 25, 2023.
             Killed from afar by an orc wizard (8 damage)
             ... with a puff of flame
             ... on level 3 of the Dungeon.
             The game lasted 00:03:27 (1028 turns).

hwolsky the Covered (Minotaur Fighter)              Turns: 1028, Time: 00:03:27

Health: -5/47      AC:  7    Str: 22    XL:     5   Next: 8%
Magic:  4/4        EV:  9    Int:  5    God:
Gold:   168        SH:  4    Dex: 10    Spells: 4/4 levels left

rFire   . . .        a - +0 war axe
rCold   . . .        c - +0 buckler
rNeg    . . .        b - +0 scale mail
rPois   .            (helmet restricted)
rElec   .            (no cloak)
rCorr   .            (no gloves)
SInv    .            (no boots)
Will    .....        (no amulet) Stlth
                     (no ring)
HPRegen 0.27/turn    (no ring)
MPRegen 0.09/turn

%: no passive effects
@: mighty
A: horns 2, retaliatory headbutt
a: no special abilities


You were on level 3 of the Dungeon.
You visited 1 branch of the dungeon, and saw 3 of its levels.

You collected 168 gold pieces.

Inventory:

Hand Weapons
 a - a +0 war axe (weapon)
Armour
 b - a +0 scale mail (worn)
 c - a +0 buckler (worn)
Scrolls
 h - a scroll of butterflies
Potions
 e - a potion of mutation {unknown}
 f - a potion of curing {unknown}
 g - a potion of magic {unknown}
 i - a potion of flight {unknown}


   Skills:
 + Level 4.4 Fighting
 * Level 4.4 Axes
 + Level 4.5 Armour
 + Level 4.4 Shields


You had 4 spell levels left.
You didn't know any spells.
Your spell library was empty.

Dungeon Overview and Level Annotations

Branches:
Dungeon (3/15)

Altars:


Innate Abilities, Weirdness & Mutations

You have a pair of horns on your head.
You reflexively headbutt those who attack you in melee.


Message History

The orc priest calls down the wrath of Beogh upon you.
Beogh smites you!
You hear some strange, mumbled words.
A magic dart appears from out of thin air!
The magic dart hits you.
* * * LOW HITPOINT WARNING * * *
You miss something.
You hit the orc priest but do no damage.
You hear some strange, mumbled words.
A magic dart appears from out of thin air!
The magic dart hits you.
* * * LOW HITPOINT WARNING * * *
You block the orc priest's attack. Something hits you but does no damage.
The orc priest hits you but does no damage.
You feel very mighty all of a sudden. Something hits you.
* * * LOW HITPOINT WARNING * * *
The orc priest hits you but does no damage.
You closely miss something. You slash the orc priest!
You hear some strange, mumbled words.
A puff of flame appears from out of thin air!
The puff of flame hits you.
* * * LOW HITPOINT WARNING * * *
The orc priest hits you but does no damage.
You miss something. You slash the orc priest!
You kill the orc priest!
Something hits you but does no damage.
You have reached level 5!
You miss something. Something hits you.
* * * LOW HITPOINT WARNING * * *
You block something's attack.
You closely miss something.
You hear some strange, mumbled words.
Something tries to affect you, but you resist.
You miss something. Something hits you but does no damage.
You barely miss something.
You hear some strange, mumbled words.
A puff of flame appears from out of thin air!
The puff of flame hits you!
You die...

#.# #. #.##########'###.
#....#........##.
#....#...........
+....#.........#†
#....#.........#.
#....#.........#.
########....#######'#.#.
.....o{@....'.......#...
......##)...############
...§............
.§§§o...§.....##
.§≈≈≈≈≈≈≈≈§...+
..≈.....§.≈...# .
≈.♣♣♣.♣.§...+ ≈.
..♣.≈...#


You could see an orc.

Vanquished Creatures
  2 orc priests (D:3)
  An orc wizard (D:3)
  2 adders (D:2)
  3 dart slugs
  An orc (D:3)
  3 ball pythons
  5 bats
  2 endoplasms
  3 giant cockroaches
  4 goblins (D:1)
  A hobgoblin (D:2)
  2 kobolds (D:1)
  4 quokkas
  3 frilled lizards
  2 rats
38 creatures vanquished.

Notes
Turn   | Place    | Note
-------+----------+-------------------------------------------
     0 | D:1      | hwolsky the Minotaur Fighter began the quest for the Orb.
     0 | D:1      | Reached XP level 1. HP: 19/19 MP: 0/0
   137 | D:1      | Reached XP level 2. HP: 27/27 MP: 1/1
   284 | D:1      | Found a faded altar of an unknown god.
   573 | D:2      | Reached XP level 3. HP: 33/33 MP: 2/2
  1015 | D:3      | Reached XP level 4. HP: 26/40 MP: 3/3
  1025 | D:3      | Reached XP level 5. HP: 5/47 MP: 4/4
  1025 | D:3      | HP: 2/47 [something (3)]
  1028 | D:3      | Killed from afar by an orc wizard

Illustrated notes

Levels and vault maps discovered:
D:1:      erik_arrival_triangle_large, layout_rooms,
          shapermc_ecumenical_altar_mp_vishouse, st_stairs_5
D:2:      layout_rooms
D:3:      layout_basic, mainiacjoe_overflow_brackets, gammafunk_ghost_mausoleum

Skill      XL: |  1  2  3 |
---------------+----------+-----
Axes           | 3 4 |  4.4
Fighting       | 4 |  4.4
Armour         | 4 |  4.5
Shields        | 4 |  4.4

Action                     |  1- 3 |  4- 6 || total
---------------------------+-------+-------++-------
  Melee: War axe           |    70 |    13 ||    83
         Headbutt          |    17 |       ||    17
    Use: Scroll            |     3 |       ||     3
         Potion            |       |     1 ||     1
 Armour: Scale mail        |    38 |    12 ||    50
  Dodge: Dodged            |    26 |     1 ||    27
  Block: Buckler           |    18 |     2 ||    20

Table legend: (Time is in decaauts)
 A = Elapsed time spent in this place.
 B = Non-inter-level travel time spent in this place.
 C = Inter-level travel time spent in this place.
 D = Time resting spent in this place.
 E = Time spent auto-exploring this place.
 F = Levels seen in this place.
 G = Mean time per level.
                   A        B        C        D        E       F      G
               +--------+--------+--------+--------+--------+-----+--------+
         Total |   1057 |   1019 |     38 |      0 |    618 |   3 |  352.3 |
       Dungeon |   1057 |   1019 |     38 |      0 |    618 |   3 |  352.3 |
               +--------+--------+--------+--------+--------+-----+--------+

Top non-repeatable levels by time:
     D:1: 582 daAuts
     D:2: 387 daAuts
     D:3: 86 daAuts
